[Event "Live Chess"]
[Site "Chess.com"]
[Date "2023.05.21"]
[Round "-"]
[White "Leonid_Starozhilov"]
[Black "blunderabit"]
[Result "1-0"]
[WhiteElo "2661"]
[BlackElo "1819"]
[TimeControl "300"]
[EndTime "1:19:43 PDT"]
[Termination "Leonid_Starozhilov won on time"]

1. e4 c5 2. Nf3 d6 3. Bb5+ Bd7 4.
c4 a6 5. Bxd7+ Qxd7 6. Nc3 Nc6 7. d4 cxd4 8. Nxd4 Nf6 9. O-O g6 10. Nd5 Nxd5 11. exd5 Nxd4 12. Qxd4 Rg8 13. Re1 Bg7 14.
Qh4 h5 15. Bg5 e5 16. dxe6 fxe6 17. Rad1 Rc8 18. b3 Rc5 19. Bf4 e5 20. Be3 Rc8 21. Qe4 Bf6 22. c5 Qc6 23. Qxc6+ Rxc6 24. Rxd6 Rxd6 25. cxd6 Kd7 26. Rc1 Rc8 27. Rxc8 Kxc8 28. f3 Kd7 29. Bc5 b6 30. Bxb6 Kxd6 31. Kf2 Kc6 32. Be3 Kd5 33. Ke2 e4 34. f4 Be7 35.
g3 Bb4 36. h3 Ba5 37. g4 1-0

[Event "Live Chess"]
[Site "Chess.com"]
[Date "2023.05.21"]
[Round "-"]
[White "booktrunk"]
[Black "EPotapov05"]
[Result "0-1"]
[WhiteElo "1288"]
[BlackElo "1406"]
[TimeControl "300"]
[EndTime "1:19:48 PDT"]
[Termination "EPotapov05 won by checkmate"]

1. d4 d5 2. h3 Bf5 3. Nf3 e6 4. Nh4 Bg6 5. Nxg6 hxg6 6. Bf4 Nf6 7. Nc3 c6 8. Qd3 Bd6 9. Bxd6 Qxd6 10. e3 Nbd7 11.
O-O-O c5 12. dxc5 Nxc5 13. Qb5+ Qc6 14. Qxc6+ bxc6 15. b4 Nce4 16. Nxe4 Nxe4 17. Rg1 Nxf2 18. Rd2 Ne4 19. Rd4 Nc3 20. a3 a5 21. Kb2 Ne4 22.
bxa5 Rxa5 23. Rb4 O-O 24. Rb7 Rfa8 25. Rb3 Nd2 26. Rd3 Ne4 27. g4 c5 28. Bg2 Nd6 29. c4 Nxc4+ 30. Kc2 Rxa3 31. Rxa3 Rxa3 32. e4 Ra2+ 33. Kc3 Ne3 34. Bf3 d4+ 35. Kb3 Rf2 36.
Bd1 Rf1 37. Rxf1 Nxf1 38. Kc4 e5 39. Kxc5 Kf8 40. Kd5 Ne3+ 41. Kxe5 Nxd1 42. Kxd4 Nf2 43. Ke3 Nxh3 44. Kf3 Ng5+ 45. Kf4 Ne6+ 46. Kf3 g5 47. e5 Ke7 48. Ke4 Nf4 49. Kf5 Ne6 50. Ke4 g6 51. Kd5 Nf4+ 52. Ke4 Ke6 53. Kd4 Nh3 54.
Ke4 Nf2+ 55. Kf3 Nd3 56. Ke4 Nxe5 57. Ke3 Nxg4+ 58. Kf3 f5 59. Kg3 Ke5 60. Kf3 Nf6 61. Kg3 f4+ 62. Kf3 g4+ 63. Kg2 g5 64. Kh1 Nd5 65.
Kg1 Ke4 66. Kf2 g3+ 67. Kg2 Ne3+ 68. Kg1 Ng4 69. Kh1 Nf2+ 70. Kg2 Ke3 71. Kg1 f3 72. Kf1 Kf4 73. Kg1 Kg4 74. Kf1 Kh3 75. Kg1 g4 76.
Kf1 Kh2 77. Ke1 g2 78. Kd2 g1=Q 79. Ke3 g3 80. Kf4 g2 81. Kxf3 Ng4 82. Kxg4 Qf1 83. Kh4 g1=Q 84. Kh5 Qfg2 85. Kh4 Qg4# 0-1

[Event "Live Chess"]
[Site "Chess.com"]
[Date "2023.05.21"]
[Round "-"]
[White "chessfiction"]
[Black "CheckThis4"]
[Result "0-1"]
[WhiteElo "2342"]
[BlackElo "2494"]
[TimeControl "300"]
[EndTime "1:20:02 PDT"]
[Termination "CheckThis4 won by resignation"]

1. e4 d5 2. d4 dxe4 3. f3 e5 4.
c3 exd4 5. cxd4 Nc6 6. Be3 Nf6 7. Nc3 Bb4 8. Bb5 Nd5 9. Qd2 O-O 10. fxe4 Nxe3 11.
Qxe3 Qxd4 12. Qxd4 Nxd4 13. Bd3 Be6 14. O-O-O Rfd8 15. Kb1 c5 16. Nf3 Nxf3 17. gxf3 c4 18. Bc2 Bxc3 19. bxc3 Kf8 20. f4 f6 21. e5 fxe5 22.
fxe5 Rxd1+ 23. Rxd1 Ke7 24. Bxh7 Rh8 25. Be4 Rxh2 26.
Rg1 Re2 27. Bxb7 g6 28. Kc1 Bf5 29. Bd5 Rxa2 30. Re1 Rc2+ 31. Kd1 Rxc3 32. Ke2 Rc2+ 33.
Ke3 Be6 34. Bxe6 Kxe6 35. Kd4 a5 36. Ra1 Rd2+ 37. Ke4 Re2+ 38. Kd4 Rxe5 39. Kxc4 g5 40. Kd4 Rf5 41. Rb1 g4 42. Rb6+ Kf7 43. Ke4 Rc5 44. Kf4 Rc4+ 45. Kg3 a4 46. Ra6 Ke7 47. Kf2 Kd7 48. Ke3 g3 49. Rg6 Rc3+ 50. Kd4 Rf3 51. Ke4 Rb3 52. Kd5 a3 53. Rg7+ Kc8 54. Kc6 Rc3+ 55.
Kd6 a2 56. Rg8+ Kb7 57. Rg7+ Kb6 0-1

[Event "Live Chess"]
[Site "Chess.com"]
[Date "2023.05.21"]
[Round "-"]
[White "Rusty_Bridges"]
[Black "JohanKjeldahl"]
[Result "0-1"]
[WhiteElo "1524"]
[BlackElo "1904"]
[TimeControl "300"]
[EndTime "1:20:10 PDT"]
[Termination "JohanKjeldahl won by resignation"]

1. e4 c5 2. Be2 e6 3. f4 Nc6 4.
Nf3 a6 5. d3 b5 6. Be3 Bb7 7.
O-O Qc7 8. f5 Nf6 9. fxe6 dxe6 10. Nbd2 Be7 11. Bg5 h6 12. Bh4 O-O 13. Bg3 Qb6 14.
Kh1 Rad8 15. Ne5 Nd4 16. c3 Nxe2 17. Qxe2 Nd7 18. Ndf3 Bf6 19. Rad1 Nxe5 20. Bxe5 Bxe5 21.
Nxe5 Qd6 22. d4 cxd4 23. cxd4 Qb4 24. Nf3 Rd7 25. a3 Qe7 26. Ne5 Rc7 27. Rd2 Rfc8 28. Rfd1 f6 29. Ng6 Qf7 30. Qg4 Rc4 31. Rf1 Qe8 32.
Rdf2 Rc1 33. h3 Rxf1+ 34. Rxf1 Rc2 35. b4 f5 36. Qd1 Bxe4 37. Ne5 Rxg2 0-1

[Event "Live Chess"]
[Site "Chess.com"]
[Date "2023.05.21"]
[Round "-"]
[White "Missedidea"]
[Black "Mugzwang"]
[Result "1-0"]
[WhiteElo "1839"]
[BlackElo "1551"]
[TimeControl "300"]
[EndTime "1:20:21 PDT"]
[Termination "Missedidea won by resignation"]

1. d4 d5 2. c4 e6 3. Nc3 Nf6 4. Bg5 h6 5. Bh4 Be7 6. e3 O-O 7. Nf3 Nbd7 8. Rc1 Re8 9. Bd3 b6 10. O-O Bb7 11. cxd5 Nxd5 12. Bxe7 Qxe7 13. a3 Nxc3 14.
Rxc3 e5 15. Rxc7 Rab8 16. Nxe5 Qg5 17. Rxb7 Rxb7 18. f4 Qe7 19. Qf3 Nxe5 20. fxe5 Qe6 21. Qxb7 1-0

[Event "Live Chess"]
[Site "Chess.com"]
[Date "2023.05.21"]
[Round "-"]
[White "OleksiyJr1"]
[Black "profpirate4"]
[Result "0-1"]
[WhiteElo "987"]
[BlackElo "1272"]
[TimeControl "300"]
[EndTime "1:20:23 PDT"]
[Termination "profpirate4 won by resignation"]

1. e4 c5 2. Nf3 d6 3. Nc3 Nf6 4. d4 cxd4 5. Qxd4 e5 6. Qe3 a6 7. Bd3 b5 8. O-O Bb7 9. b4 Nc6 10. a3 Rc8 11. Ne2 Nd4 12. Nfxd4 exd4 13. Nxd4 Qe7 14.
Re1 Ng4 15. Qf4 Ne5 16. Nf3 g6 17. Nxe5 dxe5 18. Qe3 Bg7 19. Bd2 O-O 20. Rac1 Rfd8 21. c4 bxc4 22. Rxc4 Rxc4 23. Bxc4 Rd4 24. Bd3 Qd7 25. Bc2 Rxd2 26. Qb6 Rxc2 0-1

[Event "Live Chess"]
[Site "Chess.com"]
[Date "2023.05.21"]
[Round "-"]
[White "WelshTiger"]
[Black "BillythekidFellowes"]
[Result "0-1"]
[WhiteElo "2348"]
[BlackElo "2049"]
[TimeControl "300"]
[EndTime "1:20:32 PDT"]
[Termination "BillythekidFellowes won by checkmate"]

1. e4 c6 2. d4 d5 3. f3 dxe4 4.
fxe4 e5 5. Nf3 exd4 6. Bc4 Nd7 7. O-O Ngf6 8. e5 Nd5 9. Kh1 Be7 10. Qxd4 O-O 11.
Bxd5 cxd5 12. Qxd5 Qc7 13. Nc3 Nb6 14. Qe4 Be6 15.
Bg5 Rac8 16. Rad1 Rfe8 17. Bxe7 Qxe7 18. Nd4 Qg5 19. Nxe6 Rxe6 20. Qxb7 Rf8 21. Qxa7 Qxe5 22. a4 Nc4 23. Rd5 Qe3 24. Qb7 Rf6 25. Rg1 Nd2 26. h3 Rh6 27. Rd3 Qf2 28. Qd5 Nf1 29. Qf3 Qxc2 30. Qxf1 Qxb2 31. Ne4 Qe5 32. Qf3 Re6 33.
Ng3 Rf6 34. Qe4 Qg5 35. Qe3 Qg6 36. Rgd1 Re6 37. Qf3 Rf6 38. Qe4 Qg5 39. Kh2 Re6 40. Qd5 Qe7 41. a5 Qc7 42. Qb5 Rg6 43. Ra3 h5 44. Qxh5 Rc8 45. a6 Qe7 46. a7 Qxa3 47. Rd7 Qxg3+ 48. Kh1 Qxg2# 0-1

[Event "Live Chess"]
[Site "Chess.com"]
[Date "2023.05.21"]
[Round "-"]
[White "Singapourfeuj"]
[Black "Hacker_2009"]
[Result "1-0"]
[WhiteElo "2189"]
[BlackElo "1917"]
[TimeControl "300"]
[EndTime "1:20:33 PDT"]
[Termination "Singapourfeuj won by resignation"]

1. d4 Nf6 2. Nf3 e6 3. g3 d5 4. Bg2 c5 5. O-O Nc6 6. c3 Be7 7. Nbd2 O-O 8. Re1 b6 9. e4 dxe4 10. Nxe4 Nxe4 11. Rxe4 Bb7 12. Re1 cxd4 13. Nxd4 Qc7 14.
Bf4 e5 15. Nxc6 Bxc6 16. Bxe5 Qb7 17. Bxc6 Qxc6 18. Bxg7 Kxg7 19. Rxe7 Rad8 20. Qg4+ Kh8 21. Rae1 Qd5 22. Rxa7 Qd2 23. Qe2 Qd5 24. Qe5+ Qxe5 25. Rxe5 Rd2 26. Rb5 Re8 27. Rxf7 Kg8 28. Rf4 Ree2 29. Rxb6 Rxb2 30. Rxb2 Rxb2 31. a4 Rc2 32. Rc4 1-0

[Event "Live Chess"]
[Site "Chess.com"]
[Date "2023.05.21"]
[Round "-"]
[White "MarkLim1"]
[Black "TheSmoulderingMaster"]
[Result "1/2-1/2"]
[WhiteElo "1705"]
[BlackElo "1685"]
[TimeControl "300"]
[EndTime "1:20:38 PDT"]
[Termination "Game drawn by repetition"]

1. d4 Nf6 2. Nf3 d6 3. c4 g6 4. Nc3 Bg7 5. e4 O-O 6. Be2 Bg4 7. Be3 Nbd7 8. Qd2 e5 9. d5 Nc5 10. Qc2 Nh5 11. h3 Bxf3 12. Bxf3 Nf4 13. Bxf4 exf4 14.
O-O-O Re8 15. h4 Bxc3 16. bxc3 Qf6 17. h5 a6 18. hxg6 fxg6 19. Rh3 b5 20. Rdh1 h5 21. g4 hxg4 22. Bxg4 Nxe4 23. f3 Ng5 24. Rh6 Kg7 25.
Qh2 Qxc3+ 26. Kb1 Qb4+ 27. Ka1 Qc3+ 28. Kb1 Qd3+ 29. Ka1 Qd4+ 30. Kb1 Qd3+ 31. Ka1 Qc3+ 32. Kb1 1/2-1/2

[Event "Live Chess"]
[Site "Chess.com"]
[Date "2023.05.21"]
[Round "-"]
[White "raminguy"]
[Black "mach247"]
[Result "1-0"]
[WhiteElo "1960"]
[BlackElo "1327"]
[TimeControl "300"]
[EndTime "1:20:49 PDT"]
[Termination "raminguy won by resignation"]

1. d4 Nf6 2. Nc3 e6 3. e4 d5 4. Bg5 Be7 5. e5 Ng8 6. h4 Bxg5 7. hxg5 Qxg5 8. Nh3 Qd8 9. Qg4 g6 10. O-O-O Ne7 11.
Ng5 h5 12. Qf4 Nf5 13. g4 Nh6 14. gxh5 gxh5 15. Rxh5 Qe7 16. Nf3 Bd7 17. Rxh6 1-0

[Event "Live Chess"]
[Site "Chess.com"]
[Date "2023.05.21"]
[Round "-"]
[White "peter-785"]
[Black "JoeyCage"]
[Result "0-1"]
[WhiteElo "1195"]
[BlackElo "2305"]
[TimeControl "300"]
[EndTime "1:20:59 PDT"]
[Termination "JoeyCage won by resignation"]

1. e4 c5 2. Nf3 Nc6 3. Bc4 Nf6 4. Nc3 e6 5. d4 cxd4 6. Nxd4 d6 7. Nxc6 bxc6 8. e5 dxe5 9. Qxd8+ Kxd8 10. h3 Nd5 11.
Ne4 h6 12. O-O f5 13. Nd2 Bc5 14. Nb3 Bb6 15. Rd1 Ke7 16. Bd2 e4 17. Bxd5 exd5 18. Bb4+ Kf7 19. Bc5 Bd7 20. Bxb6 axb6 21. Nd4 c5 22. Ne2 d4 23. Nf4 Bc6 24. a3 g5 25. Ne2 Rhd8 26. b4 Bb5 27. Ng3 Kf6 28. Nh5+ Kg6 29. g4 f4 30. bxc5 bxc5 31. Rd2 e3 32. fxe3 dxe3 33. Rdd1 e2 34. Rxd8 Rxd8 35. Kf2 Rd1 0-1

[Event "Live Chess"]
[Site "Chess.com"]
[Date "2023.05.21"]
[Round "-"]
[White "f4nomore"]
[Black "rmethornhill"]
[Result "0-1"]
[WhiteElo "1388"]
[BlackElo "1185"]
[TimeControl "300"]
[EndTime "1:21:06 PDT"]
[Termination "rmethornhill won by resignation"]

1. d4 Nf6 2. Bg5 e6 3. Bxf6 Qxf6 4. c3 Nc6 5. Nf3 d5 6. e3 Bd6 7. Bd3 O-O 8. O-O e5 9. dxe5 Nxe5 10. Nbd2 Nxd3 11.
Nd4 Ne5 12. f4 Nc4 13. Nxc4 dxc4 14. Qe2 Qe7 15. Rae1 Bd7 16. Qxc4 a6 17. Qb3 b5 18. Qc2 c5 19. Nf3 g6 20. g3 Bc6 21. e4 Qd7 22. e5 Bc7 23. Rd1 Qg4 24. Nd2 c4 25. b3 Bb6+ 26. Rf2 Bxf2+ 27. Kxf2 Qh3 28. Nf1 Qg2+ 29.
Ke1 Qxc2 30. Rd2 Qb1+ 31. Kf2 Rad8 32. Rxd8 Rxd8 0-1

[Event "Live Chess"]
[Site "Chess.com"]
[Date "2023.05.21"]
[Round "-"]
[White "LGC4YOU"]
[Black "Ocelot32"]
[Result "0-1"]
[WhiteElo "1185"]
[BlackElo "1371"]
[TimeControl "300"]
[EndTime "1:21:17 PDT"]
[Termination "Ocelot32 won by checkmate"]

1. d4 Nf6 2. Nf3 e6 3. Bf4 d5 4. e3 c5 5. c4 cxd4 6. Nxd4 Bd6 7. Bg3 Qc7 8. cxd5 Nxd5 9. b3 O-O 10. Bc4 Nc6 11. Nxc6 Qxc6 12. O-O b6 13. Qf3 Bb7 14. Qh5 Nxe3 15. f3 Nxf1 16. Bxd6 Qxd6 17. Bxf1 Qd1 18. Qb5 Rfc8 19. Qe2 Rc1 20. Qxd1 Rxd1 21. Kf2 Rc8 22.
Be2 Rdc1 23. Bd3 Rd8 24. Bc4 Rdd1 25. Kg3 Rxb1 26. Rxb1 Rxb1 27. a4 Bd5 28. Bxd5 exd5 29. Kf4 Rxb3 30. Ke5 Rd3 31. Kf4 Rd1 32. Ke3 d4+ 33.
Ke2 Ra1 34. Kd3 Rxa4 35. h4 a5 36. g4 b5 37. f4 Rc4 38. g5 a4 39. f5 a3 40. h5 a2 41. g6 hxg6 42. hxg6 fxg6 43. fxg6 a1=Q 44. Kd2 Qb2+ 45. Kd3 Qb3+ 46. Ke4 d3+ 47.
Ke3 d2+ 48. Ke2 d1=Q+ 49. Kf2 Qbf3# 0-1

[Event "Live Chess"]
[Site "Chess.com"]
[Date "2023.05.21"]
[Round "-"]
[White "Woodpusher500"]
[Black "Crowded_House"]
[Result "0-1"]
[WhiteElo "1177"]
[BlackElo "1658"]
[TimeControl "300"]
[EndTime "1:21:22 PDT"]
[Termination "Crowded_House won on time"]

1. e4 e6 2. d4 Bb4+ 3. c3 Ba5 4. Nf3 d5 5. e5 Nd7 6. Bd3 c5 7. Be3 Bb6 8. O-O Ne7 9. Na3 a6 10. c4 cxd4 11. Nxd4 Nxe5 12. Bc2 O-O 13. f4 Nxc4 14. Nxc4 dxc4 15. Qd2 Nc6 16. Rad1 Qf6 17. b3 cxb3 18. axb3 Rd8 19. Qd3 g6 20. Kh1 Nxd4 21. Bxd4 Bxd4 22. Qe4 Bb6 23. Rxd8+ Bxd8 24. Rd1 Be7 25. Rc1 Rb8 26. Bd3 b5 27. Qe3 Bb7 28. Qa7 Rc8 29. Rxc8+ Bxc8 30. h3 Bb4 31. Qb8 Qd8 32. Be4 Be7 33. Bb7 Bd6 34.
Qxc8 Qxc8 35. Bxc8 a5 36. Ba6 b4 37. Bc4 Kg7 38. g3 Kf6 39. Kg2 Ke7 40. Kf3 f6 0-1

[Event "Live Chess"]
[Site "Chess.com"]
[Date "2023.05.21"]
[Round "-"]
[White "AyannaTang"]
[Black "JanMur7"]
[Result "0-1"]
[WhiteElo "176"]
[BlackElo "1949"]
[TimeControl "300"]
[EndTime "1:21:22 PDT"]
[Termination "JanMur7 won by checkmate"]

1. e4 e5 2. f4 exf4 3. Nf3 g5 4. d4 g4 5. Ne5 Qh4+ 6. g3 fxg3 7.
hxg3 Qxh1 8. Qxg4 Nc6 9. Nxc6 dxc6 10. Qf4 Bd6 11. e5 Bh3 12. exd6 Qxf1+ 13. Qxf1 Bxf1 14. Kxf1 cxd6 15. d5 Kd7 16. dxc6+ bxc6 17. Be3 Ne7 18. Bd4 Rhg8 19. Nc3 Nf5 20. Ne2 Nxg3+ 21. Nxg3 Rxg3 22. Bf2 Rf3 23. Rd1 Re8 24. a4 Re6 25. b4 Ref6 26. c4 Rxf2+ 27. Kg1 Ra2 28. Rf1 Rxf1+ 29. Kxf1 Ke6 30.
Ke1 Ke5 31. Kd1 Kd4 32. Kc1 Kc3 33. Kb1 Rh2 34. Ka1 Kb3 35. Kb1 Rh1# 0-1

[Event "Live Chess"]
[Site "Chess.com"]
[Date "2023.05.21"]
[Round "-"]
[White "swingrumbacha"]
[Black "Mikhail_Golubev"]
[Result "0-1"]
[WhiteElo "2437"]
[BlackElo "2482"]
[TimeControl "300"]
[EndTime "1:21:26 PDT"]
[Termination "Mikhail_Golubev won on time"]

1. d4 Nf6 2. c4 g6 3. Nc3 Bg7 4.
e4 d6 5. f3 O-O 6. Be3 a6 7.
Qd2 Nbd7 8. Bd3 c5 9. Nge2 cxd4 10. Nxd4 Ne5 11. Be2 Bd7 12. Rc1 Qa5 13. O-O Rfc8 14. c5 dxc5 15. Nb3 Qd8 16. f4 Neg4 17. e5 Nxe3 18.
Qxe3 Ng4 19. Qd2 c4 20. Rfd1 cxb3 21. Qxd7 Qb6+ 22. Qd4 Qxd4+ 23. Rxd4 bxa2 24. Bxg4 e6 25. Ra4 b5 26. Rxa2 b4 27. Bf3 Ra7 28. Ne2 Rxc1+ 29. Nxc1 a5 30. Nd3 Bf8 31. Ra4 Rd7 32. Be2 Ra7 33.
Kf1 Be7 34. Nc1 Kg7 35. g3 Bd8 36. Bd3 Bb6 37. Ke1 h5 38. Be4 Rc7 39. Kd1 Rd7+ 40.
Ke1 Rc7 41. Kd1 Rd7+ 42. Ke2 Rc7 43. Nb3 Ra7 44. Bd3 Kh6 45. h3 Ra8 46. h4 Ra7 47. Bb1 Kg7 48. Bc2 Kf8 49. Bd3 Ke7 50. Nd2 Kf8 51.
Nc4 Bc7 52. b3 Ke7 53. Ra2 Ra8 54. Nd2 Ra7 55. Rc2 Bb6 56. Bb5 Bd4 57. Ne4 Rb7 58. Nd6 Rb8 59. Rc4 Bb6 60. Rc8 Ba7 61. Rc7+ Kf8 62.
Rxf7+ Kg8 63. Rxa7 Rd8 64. Bc4 Rb8 65. Bxe6+ Kf8 0-1

[Event "Live Chess"]
[Site "Chess.com"]
[Date "2023.05.21"]
[Round "-"]
[White "RamsayFlayer"]
[Black "hturner40"]
[Result "1-0"]
[WhiteElo "1972"]
[BlackElo "1783"]
[TimeControl "300"]
[EndTime "1:21:43 PDT"]
[Termination "RamsayFlayer won by resignation"]

1. e4 Nc6 2. d4 e5 3. d5 Nce7 4. f4 Ng6 5. Nf3 exf4 6. Bc4 Bc5 7. Nc3 Nf6 8. e5 Ng4 9. Qe2 O-O 10. h3 Ne3 11. Bxe3 Bxe3 12. Nd1 Bb6 13. Nf2 Re8 14. Nd3 Be3 15. g3 d6 16. gxf4 Nxf4 17. Nxf4 Bxf4 18. e6 fxe6 19. dxe6 d5 20. Nd4 Qh4+ 21.
Kf1 dxc4 22. Qxc4 Be3 23. e7+ Kh8 24. Qf7 Bxh3+ 25. Ke2 Bxd4 26. Raf1 Qe4+ 27. Kd1 Bg4+ 28. Kc1 Bf6 29. Re1 Qg6 30. Qxg6 1-0

[Event "Live Chess"]
[Site "Chess.com"]
[Date "2023.05.21"]
[Round "-"]
[White "elephantgerrald"]
[Black "HoarseyHorsey"]
[Result "0-1"]
[WhiteElo "761"]
[BlackElo "1467"]
[TimeControl "300"]
[EndTime "1:21:43 PDT"]
[Termination "HoarseyHorsey won on time"]

1. e4 c5 2. Nf3 e6 3. g3 Nc6 4. Bg2 Be7 5. d3 d5 6. e5 Qc7 7. O-O Nxe5 8. Nxe5 Qxe5 9. f4 Qd6 10. d4 c4 11. b3 b5 12. bxc4 bxc4 13. Ba3 Qb6 14.
Bxe7 Nxe7 15. Nc3 O-O 16. g4 Nc6 17. g5 Qxd4+ 18. Qxd4 Nxd4 19. Nxd5 exd5 20. Bxd5 Rb8 21. Bxc4 Bf5 22. c3 Nc2 23. Rac1 Ne3 24. Rf3 Nxc4 25. h4 Rb1 26. Rxb1 Bxb1 27. Rf1 Bf5 28. a4 f6 29.
gxf6 Rxf6 30. Re1 Kf7 31. Rd1 Rg6+ 32. Kf2 Rh6 33. Kg3 Rd6 34. Rb1 a5 35. Rb7+ Kf6 36. Rb8 Rd3+ 37. Kg2 Rxc3 38. Rf8+ Ke6 39. Re8+ Kf7 40.
Rb8 Rh3 41. Rb7+ Kf6 42. Ra7 Rxh4 43. Ra6+ Be6 44. Kg3 Rg4+ 45. Kf3 Rg1 46. Ke4 Rd1 47. Kf3 Rd3+ 48. Ke2 Re3+ 49. Kf2 Kf5 50. Kf1 Kxf4 51. Kf2 h5 0-1

[Event "Live Chess"]
[Site "Chess.com"]
[Date "2023.05.21"]
[Round "-"]
[White "LiamClery2020"]
[Black "FailsGambits"]
[Result "1-0"]
[WhiteElo "2019"]
[BlackElo "1336"]
[TimeControl "300"]
[EndTime "1:22:01 PDT"]
[Termination "LiamClery2020 won by resignation"]

1. e4 e5 2. Nc3 Nc6 3. Bc4 d6 4. Nf3 f5 5. exf5 Bxf5 6. O-O Be7 7. d4 Bg4 8. dxe5 Nxe5 9. Be2 Nxf3+ 10. Bxf3 Bxf3 11. Qxf3 c6 12. Re1 Qd7 13. Bg5 O-O-O 14. Bxe7 Nxe7 15. Rad1 Rhf8 16. Qg3 Nf5 17. Qd3 Rf6 18.
Ne4 Rg6 19. Qa3 Kb8 20. Qh3 Nh6 21. Qh5 Qg4 22. Qxg4 Nxg4 23. f3 Nh6 24. Kf2 Nf7 25. Ng3 Ne5 26. Rxe5 1-0

[Event "Live Chess"]
[Site "Chess.com"]
[Date "2023.05.21"]
[Round "-"]
[White "EdenHazard8"]
[Black "KeithArkell"]
[Result "1/2-1/2"]
[WhiteElo "1943"]
[BlackElo "2516"]
[TimeControl "300"]
[EndTime "1:22:07 PDT"]
[Termination "Game drawn by agreement"]

1. e4 c6 2. d4 d5 3. e5 c5 4. dxc5 Nc6 5. f4 e6 6. Be3 d4 7.
Bf2 Bxc5 8. Nf3 Nge7 9. c3 dxc3 10. Qxd8+ Kxd8 11. Nxc3 Bxf2+ 12. Kxf2 Nf5 13. Nb5 Ke7 14. g4 Nh6 15. h3 f6 16. Nd6 Nf7 17.
Nxf7 Kxf7 18. Bc4 Rd8 19. Rhd1 fxe5 20. f5 Ke7 21. Rxd8 Nxd8 22. fxe6 Bxe6 23. Nxe5 Bxc4 24. Nxc4 Ne6 25. Re1 Rc8 26. Ne3 g6 27. Re2 Kf7 28. Nd5 Rc5 29. Nc3 Rc6 30. Ne4 h6 31. Kg3 g5 32. Rf2+ Ke7 33. h4 gxh4+ 34. Kxh4 Rc4 35. Ng3 Rc1 36. Nf5+ Kd7 37. Rd2+ Kc7 38. Kg3 Rg1+ 39. Rg2 Rxg2+ 40. Kxg2 h5 41. gxh5 Nf4+ 42. Kf3 Nxh5 43. Ke4 Kc6 44. Kd4 b5 45. Ne7+ Kd7 46. Nd5 Kd6 47.
b4 Ng7 48. Nc3 Ne6+ 49. Kd3 Nc7 50. a4 a6 51. axb5 axb5 52. Nxb5+ Nxb5 1/2-1/2

[Event "Live Chess"]
[Site "Chess.com"]
[Date "2023.05.21"]
[Round "-"]
[White "domrobson"]
[Black "JoshMcK"]
[Result "1-0"]
[WhiteElo "1743"]
[BlackElo "1532"]
[TimeControl "300"]
[EndTime "1:22:14 PDT"]
[Termination "domrobson won by resignation"]

1. d4 d5 2. c4 e6 3. Nf3 Nf6 4. Nc3 a6 5. Bg5 dxc4 6. e4 Be7 7. Bxc4 O-O 8. O-O b5 9. Bd3 Bb7 10. e5 Nd5 11. Bxe7 Qxe7 12. Nxd5 Bxd5 13. h4 Bxf3 14.
Qxf3 Qxh4 15. Qxa8 Qxd4 16. Qe4 Qxe4 17. Bxe4 Nd7 18.
f4 f5 19. Bb7 a5 20. Bc6 Nc5 21. Bxb5 Ne4 22. Rfd1 g5 23. fxg5 Nxg5 24. Rd7 Nf7 25. Re1 c5 26. Ra7 1-0

[Event "Live Chess"]
[Site "Chess.com"]
[Date "2023.05.21"]
[Round "-"]
[White "Cimon"]
[Black "BritishIsles"]
[Result "0-1"]
[WhiteElo "1849"]
[BlackElo "2415"]
[TimeControl "300"]
[EndTime "1:22:20 PDT"]
[Termination "BritishIsles won by resignation"]

1. d4 d5 2. Nf3 Nf6 3. c4 c6 4. Nc3 dxc4 5. a4 a5 6. Bg5 Na6 7. e3 Nb4 8. Bxc4 Bf5 9. Rc1 e6 10. O-O Be7 11. Ne5 O-O 12. f3 Nfd5 13. Bxe7 Qxe7 14.
Qe2 Bg6 15. Kh1 Rfd8 16. Rfd1 Rac8 17. e4 Nb6 18. Bb3 Nd7 19. f4 Nxe5 20. dxe5 Qh4 21. g3 Qh3 22. Qg2 Qxg2+ 23. Kxg2 Bh5 24. Rxd8+ Rxd8 25. Bd1 Rd2+ 26. Kh3 Bxd1 27. Rxd1 Rxd1 28. Nxd1 Nd3 29.
Kg2 b5 30. axb5 cxb5 31. Kf3 b4 32. Ke3 Nc1 33. Kd4 a4 34. Kc4 a3 35. bxa3 bxa3 36. Kc3 h6 37. Ne3 g5 38. f5 a2 39. Kb2 Nd3+ 40. Kxa2 Nxe5 41. Kb3 Nf3 42. h4 gxh4 43. gxh4 Nxh4 44. fxe6 fxe6 45. Kc4 Kf7 46. Kd4 Nf3+ 47. Kd3 h5 48. Ke2 Ng5 49. Kf2 Nxe4+ 50.
Kf3 Ng5+ 51. Kf4 Kf6 52. Ng2 e5+ 53. Kg3 Ne6 54. Ne3 Kg5 55. Nd5 h4+ 56. Kh3 Nf4+ 0-1

[Event "Live Chess"]
[Site "Chess.com"]
[Date "2023.05.21"]
[Round "-"]
[White "Ferrarifan27"]
[Black "ExIsambard"]
[Result "1-0"]
[WhiteElo "2080"]
[BlackElo "1920"]
[TimeControl "300"]
[EndTime "1:22:23 PDT"]
[Termination "Ferrarifan27 won by resignation"]

1. e4 Nc6 2. d4 d5 3. e5 Bf5 4. Nf3 f6 5. Bb5 Qd7 6. O-O a6 7. Ba4 b5 8. Bb3 e6 9. Re1 Be7 10. c3 Be4 11. Nbd2 f5 12. Nxe4 dxe4 13. Ng5 Bxg5 14.
Bxg5 Nge7 15. Qh5+ Ng6 16. Rad1 Ne7 17. f3 exf3 18. Qxf3 O-O 19. d5 exd5 20. Rxd5 Nxd5 21. Bxd5+ Kh8 22. Bxa8 Rxa8 23. Qxa8+ 1-0

[Event "Live Chess"]
[Site "Chess.com"]
[Date "2023.05.21"]
[Round "-"]
[White "Missedidea"]
[Black "Rusty_Bridges"]
[Result "1-0"]
[WhiteElo "1842"]
[BlackElo "1519"]
[TimeControl "300"]
[EndTime "1:22:32 PDT"]
[Termination "Missedidea won by checkmate"]

1. d4 d5 2. c4 dxc4 3. e3 Nc6 4. Bxc4 e6 5. Nf3 Bb4+ 6. Bd2 Bxd2+ 7. Qxd2 Nf6 8. O-O Ne4 9. Qe2 a6 10. Nc3 Nxc3 11.
bxc3 b5 12. Bb3 Ne7 13. e4 Bb7 14. Rfe1 Ng6 15. g3 O-O 16. h4 Ne7 17. Qc2 Kh8 18.
Ng5 Bc8 19. e5 h6 20. Qh7# 1-0

[Event "Live Chess"]
[Site "Chess.com"]
[Date "2023.05.21"]
[Round "-"]
[White "ms_lilley"]
[Black "Doge_Dandolo"]
[Result "0-1"]
[WhiteElo "587"]
[BlackElo "1884"]
[TimeControl "300"]
[EndTime "1:23:08 PDT"]
[Termination "Doge_Dandolo won by checkmate"]

1. d4 d5 2. e3 Bf5 3. Nf3 c6 4.
h3 Nd7 5. Bd3 e6 6. Bxf5 exf5 7.
a3 Ngf6 8. b4 Bd6 9. Qd3 Ne4 10.
O-O O-O 11. c4 Bc7 12. c5 a6 13. Nbd2 Ndf6 14. Bb2 Qe7 15. a4 Rae8 16. Nxe4 fxe4 17. Qe2 exf3 18. Qxf3 Qe4 19. Qe2 Ra8 20. a5 Rae8 21.
f3 Qe7 22. Bc1 Bb8 23. Bd2 Qc7 24. f4 Ne4 25. g4 f5 26. g5 Re6 27. Qh5 Nxd2 28.
Kf2 Nc4 29. g6 Rxg6 30. Rg1 Rff6 31. Rg2 Qe7 32. Rag1 Qxe3+ 33. Kf1 Nd2+ 34. Rxd2 Rxg1# 0-1

[Event "Live Chess"]
[Site "Chess.com"]
[Date "2023.05.21"]
[Round "-"]
[White "FailsGambits"]
[Black "EdenHazard8"]
[Result "0-1"]
[WhiteElo "1336"]
[BlackElo "1943"]
[TimeControl "300"]
[EndTime "1:23:10 PDT"]
[Termination "EdenHazard8 won by resignation"]

1. e4 c6 2. Nf3 d5 3. e5 c5 4. d4 Nc6 5. c4 e6 6. dxc5 Bxc5 7.
cxd5 exd5 8. Bb5 Qb6 9. Bxc6+ bxc6 10. O-O Ba6 11. Re1 Bxf2+ 0-1

[Event "Live Chess"]
[Site "Chess.com"]
[Date "2023.05.21"]
[Round "-"]
[White "NAZRIZ1977"]
[Black "RichardABates"]
[Result "0-1"]
[WhiteElo "1989"]
[BlackElo "2130"]
[TimeControl "300"]
[EndTime "1:23:11 PDT"]
[Termination "RichardABates won by resignation"]

1. d4 Nf6 2. Nc3 d5 3. Bf4 c5 4. e3 cxd4 5. exd4 a6 6. Nf3 Nc6 7. Ne5 Bd7 8. Nxd7 Qxd7 9. Be2 e6 10. a3 Bd6 11. Bg3 O-O 12. O-O b5 13. a4 b4 14.
Nb1 Ne4 15. Bxd6 Qxd6 16. Bf3 Rac8 17. Re1 f5 18. c4 bxc3 19. Nxc3 Qb4 20. Bxe4 fxe4 21.
Rb1 Qxd4 0-1

[Event "Live Chess"]
[Site "Chess.com"]
[Date "2023.05.21"]
[Round "-"]
[White "elizaveta_frundina"]
[Black "Duke_of_Bebington"]
[Result "0-1"]
[WhiteElo "1589"]
[BlackElo "1595"]
[TimeControl "300"]
[EndTime "1:23:47 PDT"]
[Termination "Duke_of_Bebington won on time"]

1. e4 e5 2. Nf3 Nf6 3. d4 Nxe4 4. Bd3 Nc6 5. Bxe4 d5 6. Nxe5 dxe4 7. Nxc6 bxc6 8. Nc3 f5 9. Qh5+ g6 10. Qd1 Bg7 11.
Be3 Ba6 12. Ne2 Bxe2 13. Qxe2 Rb8 14. c3 O-O 15. O-O Kh8 16. Qc4 Qd5 17. Qa6 f4 18.
Bd2 f3 19. c4 Qxd4 20. Be3 Qxb2 21. Qxa7 fxg2 22. Rfd1 Qe5 23. Bd4 Qe7 24. Bxg7+ Qxg7 25. Qd4 Qxd4 26. Rxd4 Rbd8 27. Rad1 Rxd4 28. Rxd4 Ra8 29.
Rd2 Kg8 30. Kxg2 Kf8 31. Kg3 Ra3+ 32. Kf4 Rh3 33. Kxe4 Rxh2 34. Ke5 Ke7 35. c5 Rh5+ 36.
Kd4 Rd5+ 37. Kc3 Rxc5+ 38. Kb4 Rb5+ 39. Ka4 Rd5 40. Rxd5 cxd5 41. Kb5 Kd6 42. a4 c6+ 43. Kb6 d4 44. a5 d3 0-1